 Dungeon Crawl Stone Soup version 0.29.0-13-gc9e81de378 (webtiles) character file.

Game seed: 9618831136193997495

12 iguanaiguana the Caller (level 2, 0/20 HPs)
             Began as a Minotaur Summoner on Sept 7, 2022.
             Slain by a ball python (1 damage)
             ... on level 1 of the Dungeon.
             The game lasted 00:00:19 (494 turns).

iguanaiguana the Caller (Minotaur Summoner)          Turns: 494, Time: 00:00:20

Health: 0/20       AC:  2    Str: 12    XL:     2   Next: 20%
Magic:  3/3        EV:  9    Int: 12    God:
Gold:   17         SH:  0    Dex: 10    Spells: 3/4 levels left

rFire   . . .      SeeInvis .   (no weapon)
rCold   . . .      Faith    .   (no shield)
rNeg    . . .      Spirit   .   a - +0 robe
rPois   .          Reflect  .   (helmet restricted)
rElec   .          Harm     .   (no cloak)
rCorr   .          Rampage  .   (no gloves)
Will    .....                   (no boots)
Stlth   ++........              (no amulet)
HPRegen 0.06/turn               (no ring)
MPRegen 0.08/turn               (no ring)

@: constricted
A: horns 2, retaliatory headbutt
a: no special abilities


You were on level 1 of the Dungeon.
You visited 1 branch of the dungeon, and saw 1 of its levels.

You collected 17 gold pieces.

Inventory:

Armour
 a - a +0 robe (worn)
Scrolls
 c - a scroll of fog {unknown}
Potions
 b - a potion of magic
 d - a potion of flight {unknown}
 e - 2 potions of haste {unknown}


   Skills:
 + Level 2.5 Dodging
 + Level 1.8 Stealth
 + Level 1.5 Spellcasting
 + Level 3.0 Summonings


You had 3 spell levels left.
You knew the following spells:

 Your Spells              Type           Power      Damage    Failure   Level
a - Summon Small Mammal   Summ           32%        N/A       9%          1

Your spell library contained the following spells:

 Spells                   Type           Power      Damage    Failure   Level
 Call Imp                 Summ           8%         N/A       12%         2
 Call Canine Familiar     Summ           8%         N/A       24%         3
 Summon Guardian Golem    Hex/Summ       4%         N/A       41%         3
 Summon Lightning Spire   Summ/Air       4%         N/A       83%         4


Dungeon Overview and Level Annotations

Branches:
Dungeon (1/15) Zot: 5505

Altars:


Innate Abilities, Weirdness & Mutations

You have a pair of horns on your head.
You reflexively headbutt those who attack you in melee.


Message History

The goblin hits you with a +0 club.
* * * LOW HITPOINT WARNING * * *
You are too injured to fight recklessly!
You are too injured to fight recklessly!
You are too injured to fight recklessly!
You are too injured to fight recklessly!
You are too injured to fight recklessly!
You are too injured to fight recklessly!
You are too injured to fight recklessly!
The goblin shouts!
You hit the goblin.
You kill the goblin!
The bat attacks as you move away!
A ball python comes into view. a +0 club; a goblin corpse You miss the bat.
You closely miss the bat.
The ball python hisses angrily.
You barely miss the bat. The bat hits you.
* * * LOW HITPOINT WARNING * * *
You closely miss the goblin. You punch the goblin.
The goblin is heavily wounded.
You hit the goblin but do no damage.
The goblin is heavily wounded.
You hit the goblin.
The goblin is severely wounded.
You hit the goblin but do no damage.
The goblin is severely wounded.
The ball python grabs you. The ball python constricts you.
* * * LOW HITPOINT WARNING * * *
The goblin hits you with a +0 club.
* * * LOW HITPOINT WARNING * * *
You hit the goblin.
You kill the goblin!
The ball python bites you.
* * * LOW HITPOINT WARNING * * *
The ball python constricts you.
* * * LOW HITPOINT WARNING * * *
The ball python bites you.
You die...

#######.###.#
#...........#
######
#.#####.#####
#..... #.# ###.#
##.....###!###...#
.......#.......###
.......#.#.#####
.......)...#
.....##@#### ##.
#)Sb....#
..#####.# ....
..... .......
........
.#........


You could see a bat and a ball python.

Vanquished Creatures
  A ball python (D:1)
  2 bats (D:1)
  An endoplasm (D:1)
  3 goblins (D:1)
  A hobgoblin (D:1)
  A kobold (D:1)
  A quokka (D:1)
  A rat (D:1)
11 creatures vanquished.

Notes
Turn   | Place    | Note
-------+----------+-------------------------------------------
     0 | D:1      | iguanaiguana the Minotaur Summoner began the quest for the
                  | Orb.
     0 | D:1      | Reached XP level 1. HP: 14/14 MP: 1/1
     8 | D:1      | Reached skill level 3 in Summonings
   385 | D:1      | Reached XP level 2. HP: 16/20 MP: 3/3
   494 | D:1      | HP: 1/20 [constriction (1)]
   494 | D:1      | Slain by a ball python

Illustrated notes

Levels and vault maps discovered:
D:1:      wander_arrival_desolate, layout_basic, grunt_decor_junction

Skill      XL: |  1 |
---------------+----+-----
Summonings     | 3 |  3.0
Dodging        | |  2.5
Stealth        | |  1.8
Spellcasting   | |  1.5

Action                   || total
-------------------------++-------
Melee: Unarmed           ||    33
       Headbutt          ||     7
       Punch             ||     1
 Stab: Sleeping          ||     2
Armor: Robe              ||    13
Dodge: Dodged            ||    24
